 Dungeon Crawl Stone Soup version 0.28-a0-723-g095bd1b44f (webtiles) character file.

Game seed: 595214406752668912

2 willcat the Sneak (level 1, -1/14 HPs)
             Began as a Kobold Delver on Oct 25, 2021.
             Slain by an adder (2 damage)
             ... on level 6 of the Dungeon.
             The game lasted 00:00:22 (60 turns).

willcat the Sneak (Kobold Delver)                     Turns: 60, Time: 00:00:23

Health: -1/14      AC:  3    Str:  9    XL:     1   Next: 33%
Magic:  1/1        EV: 14    Int: 11    God:
Gold:   0          SH:  0    Dex: 16    Spells: 0/0 levels left

rFire   . . .      SeeInvis .   a - +0 short sword
rCold   . . .      Faith    .   (shield restricted)
rNeg    . . .      Spirit   .   b - +0 leather armour
rPois   .          Reflect  .   (no helmet)
rElec   .          Harm     .   (no cloak)
rCorr   .          Rampage  .   (no gloves)
Will    .....                   (no boots)
Stlth   ++++......              (no amulet)
HPRegen 0.04/turn               (no ring)
MPRegen 0.07/turn               (no ring)

@: no status effects
A: small, no large weapons, nightstalker 3
a: no special abilities


You were on level 6 of the Dungeon.
You visited 1 branch of the dungeon, and saw 2 of its levels.

Inventory:

Hand Weapons
 a - a +0 short sword (weapon)
Armour
 b - a +0 leather armour (worn)
Wands
 g - a wand of digging (3)
Scrolls
 c - a scroll of fog
 d - a scroll of magic mapping
Potions
 f - a potion of haste


   Skills:
 - Level 3.2 Fighting
 + Level 2.7 Short Blades
 + Level 2.5 Dodging
 + Level 6.6 Stealth


You couldn't memorise any spells.
You didn't know any spells.
Your spell library was empty.

Dungeon Overview and Level Annotations

Branches:
Dungeon (6/15)
 Temple: D:4-7

Altars:


Innate Abilities, Weirdness & Mutations

You are small and have problems with some larger weapons.
You are completely attuned to the shadows.


Message History

Are you destined to find the wondrous Orb of Zot, or to die trying?
Press ? for a list of commands and other information.
Found a stone staircase leading down.
Found a stone staircase leading up.
A necrophage comes into view.
Found a dagger.
There is a stone staircase leading down here.
You climb downwards.
There is a stone staircase leading up here.
Unknown command.
An orc comes into view. It is wielding a +0 mace.
An orc and an orc wizard come into view.
The helpless orc fails to defend itself.
You impale the orc!!
You kill the orc!
The orc wizard shouts!
An orc comes into view. It is wielding a +0 hand axe.
An ogre comes into view. It is wielding a +0 giant club.
The ogre shouts!
You hear an angry hiss.
An adder comes into view.
You hit the ogre.
The ogre is lightly wounded.
As you read the scroll of fear, it crumbles to dust.
You assume a fearsome visage.
The adder looks frightened!
The ogre looks frightened!
The orc looks frightened!
The ogre mumbles, "Damn and blast!"
The orc wizard hits you with a +0 dagger.
Cornered, the ogre turns to fight!
The orc wizard casts a spell at you. The magic dart hits you!
Ouch! That really hurt!
* * * LOW HITPOINT WARNING * * *
The adder completely misses you. The adder misses you.
You miss the adder.
Your attack snaps the adder out of its fear.
The adder barely misses you.
Unknown command.
You barely miss the adder. The adder misses you. The adder bites you.
You die...

♣♣P.P.......
♣≈....#####
P≈P≈...##
≈≈.#o..<#
P.#....##### .
#........# ..
#..#.###.#
...###O.#...#.#
#..@So.....#O#
########.....#
#.#### #.# .#


You could see an ogre, an orc wizard and an adder.

Vanquished Creatures
  An orc (D:6)
1 creature vanquished.

Notes
Turn   | Place    | Note
-------+----------+-------------------------------------------
     0 | D:5      | willcat the Kobold Delver began the quest for the Orb.
     0 | D:5      | Reached XP level 1. HP: 14/14 MP: 1/1
    11 | D:5      | Noticed a necrophage
    35 | D:6      | Noticed an orc wizard
    47 | D:6      | Noticed an ogre
    60 | D:6      | Slain by an adder

Illustrated notes

Levels and vault maps discovered:
D:5:      layout_rooms, mainiacjoe_overflow_alcove_1, uniq_edmund
D:6:      layout_basic, led_xom_imps, pf_just_have_faith,
          mainiacjoe_overflow_brackets, serial_bayou_pond_c,
          roderic_malta_cross, minmay_misc_feat_more_columns,
          kennysheep_generic_room_2

Action                   || total
-------------------------++-------
Melee: Short sword       ||     4
  Use: Scroll            ||     1
 Stab: Sleeping          ||     1
Dodge: Dodged            ||     4

Table legend: (Time is in decaauts)
 A = Elapsed time spent in this place.
 B = Non-inter-level travel time spent in this place.
 C = Inter-level travel time spent in this place.
 D = Time resting spent in this place.
 E = Time spent auto-exploring this place.
 F = Levels seen in this place.
 G = Mean time per level.
                   A        B        C        D        E       F      G
               +--------+--------+--------+--------+--------+-----+--------+
         Total |     59 |     59 |      0 |      0 |     17 |   2 |   29.5 |
       Dungeon |     59 |     59 |      0 |      0 |     17 |   2 |   29.5 |
               +--------+--------+--------+--------+--------+-----+--------+

Top non-repeatable levels by time:
     D:6: 33 daAuts
     D:5: 26 daAuts
